 Dungeon Crawl Stone Soup version 0.31-a0-1-g4198be8af4 (webtiles) character file.

Game seed: 2356671213854916218

24 qeuew the Ruffian (level 2, 29/29 HPs)
             Began as a Troll Berserker on May 2, 2023.
             Was a Follower of Trog.
             Quit the game on level 1 of the Dungeon.
             The game lasted 00:00:53 (697 turns).

qeuew the Ruffian (Troll Berserker)                  Turns: 697, Time: 00:00:54

Health: 29/29      AC:  5    Str: 24    XL:     2   Next: 79%
Magic:  1/1        EV: 10    Int:  3    God:    Trog [*.....]
Gold:   57         SH:  0    Dex:  9    Spells: 1/1 levels left

rFire   . .          .
                       - Unarmed
rCold   . . .        (no shield)
rNeg    . . .        a - +1 animal skin
rPois   .            (helmet restricted)
rElec   .            (no cloak)
rCorr   .            (gloves unavailable)
SInv    .            (boots unavailable)
Will    .....        (no amulet)
Stlth   +            (no ring)
HPRegen 1.04/turn    (no ring)
MPRegen 0.07/turn

%: no passive effects
@: no status effects
A: large, unfitting armour, claws 3, regeneration 1, shaggy fur 1, tough skin 1,
subdued magic 1, devolution 1
a: Renounce Religion, Berserk


You were on level 1 of the Dungeon.
You worshipped Trog.
Trog was aware of your devotion.
You visited 1 branch of the dungeon, and saw 1 of its levels.

You collected 57 gold pieces.

Inventory:

Armour
 a - a +1 animal skin (worn)
Potions
 d - a potion of curing


   Skills:
 - Level 2.4 Fighting
 - Level 2.4 Dodging
 + Level 4.1 Unarmed Combat


You had one spell level left.
You didn't know any spells.
Your spell library was empty.

Dungeon Overview and Level Annotations

Branches:
Dungeon (1/15)

Altars:


Innate Abilities, Weirdness & Mutations

You are too large for most types of armour.
You have claws for hands.
Your natural rate of healing is unusually fast.
You are covered in fur. (AC +1)
You have tough skin. (AC +1)
Your spells are a little easier to cast, but a little less powerful.
You have hidden genetic defects.


Message History

No target in view!
The eye of devastation turns its gaze towards you.
Done exploring.
No target in view!
Done exploring.
No target in view!
No target in view!
Done exploring.
Done exploring.
No target in view!
Done exploring.
No target in view!
Done exploring.
No target in view!
As you read the scroll labelled VICSAA RUZIN, it crumbles to dust.
It is a scroll of amnesia.
You feel forgetful for a moment.
As you read the scroll labelled TUTIOLO IKIFUSK, it crumbles to dust.
It is a scroll of enchant armour.
Your +0 animal skin glows green for a moment.
The air fills with toxic fumes!
As you read the scroll labelled IHAEB RIUCS, it crumbles to dust.
It was a scroll of poison.
As you read the scroll labelled YNEUG KAEPTA, it crumbles to dust.
You hear a loud clanging noise!
It was a scroll of noise.
As you read the scroll labelled CUNAXAS COEKH, it crumbles to dust.
It is a scroll of identify.
d - a potion of curing
As you read the scroll of identify, it crumbles to dust.
h - a potion of degeneration It was a potion of mutation.
You feel extremely strange.
You feel strong-willed.
You drop 2 scrolls of noise.
You drop a potion of degeneration.
Really quaff the potion of mutation?
You feel extremely strange.
You no longer feel strong-willed.
Your connection to magic feels subdued.
You feel a hidden malignance growing inside you.
Are you sure you want to abandon this character and quit the game? (Confirm with "yes".)

#.# #####....# #.# #.#
#§○......####.# #.#
#§#####.......# #.# #§# #.#######
#.# #§# #.# #.# #§# #.# ##.# #☼#
#.# ##.######## #○#####.#
##........# #@§§§§#.# ##..#####.#
#####☼#.# ##.....##.# #.#.#
.##.##.##.##########.#.#
.......##............#.##
##.....######...........#########
##.###.## #.######....|.......#
.#.##...## #.######..###...###.#
.#.#.....####.#.......#G#...#G#.#


There were no monsters in sight!

Vanquished Creatures
  A dart slug (D:1)
  4 ball pythons (D:1)
  4 endoplasms (D:1)
  2 giant cockroaches (D:1)
  A hobgoblin (D:1)
  A quokka (D:1)
  2 bats (D:1)
  A frilled lizard (D:1)
  2 kobolds (D:1)
  2 rats (D:1)
20 creatures vanquished.

Notes
Turn   | Place    | Note
-------+----------+-------------------------------------------
     0 | D:1      | qeuew the Troll Berserker began the quest for the Orb.
     0 | D:1      | Reached XP level 1. HP: 22/22 MP: 0/0
    48 | D:1      | Noticed an eye of devastation
    50 | D:1      | Found a faded altar of an unknown god.
    52 | D:1      | Noticed a great orb of eyes
    52 | D:1      | Noticed an eye of devastation
    52 | D:1      | Noticed a great orb of eyes
    70 | D:1      | Reached XP level 2. HP: 29/29 MP: 1/1
   434 | D:1      | Reached skill level 4 in Unarmed Combat
   693 | D:1      | Gained mutation: You are strong-willed. (Will+) [potion of
                  | mutation]
   696 | D:1      | Lost mutation: You are strong-willed. (Will+) [potion of
                  | mutation]
   696 | D:1      | Gained mutation: Your spells are a little easier to cast,
                  | but a little less powerful. [potion of mutation]
   696 | D:1      | Gained mutation: You have hidden genetic defects. [potion
                  | of mutation]
   697 | D:1      | Quit the game

Illustrated notes

Levels and vault maps discovered:
D:1:      lightli_iron_boxes, layout_loops_ring,
          hellmonk_ecumenical_altar_watching_god

Skill      XL: |  1  2 |
---------------+-------+-----
Unarmed Combat | 4 |  4.1
Fighting       | |  2.4
Dodging        | |  2.4

Action                     || total
---------------------------++-------
  Melee: Unarmed           ||    49
         Punch             ||     1
    Use: Scroll            ||     6
         Potion            ||     2
 Armour: Animal skin       ||    11
  Dodge: Dodged            ||    31

Table legend: (Time is in decaauts)
 A = Elapsed time spent in this place.
 B = Non-inter-level travel time spent in this place.
 C = Inter-level travel time spent in this place.
 D = Time resting spent in this place.
 E = Time spent auto-exploring this place.
 F = Levels seen in this place.
 G = Mean time per level.
                   A        B        C        D        E       F      G
               +--------+--------+--------+--------+--------+-----+--------+
         Total |    693 |    693 |      0 |      0 |    568 |   1 |  693.0 |
       Dungeon |    693 |    693 |      0 |      0 |    568 |   1 |  693.0 |
               +--------+--------+--------+--------+--------+-----+--------+

Top non-repeatable levels by time:
     D:1: 693 daAuts
